 Dungeon Crawl Stone Soup version 0.30.0-15-g856e2d3f33 (webtiles) character file.

Game seed: 6232879009002807613

1005 qw the Chopper (level 8, -1/48 HPs)
             Began as a Gargoyle Fighter on May 19, 2023.
             Was a Follower of Okawaru.
             Slain by a gnoll
             ... wielding a +0 halberd
             ... led by a gnoll sergeant
              (4 damage)
             ... on level 6 of the Dungeon.
             The game lasted 00:01:59 (4498 turns).

qw the Chopper (Gargoyle Fighter)                   Turns: 4498, Time: 00:01:59

Health: -1/48      AC: 17    Str: 22    XL:     8   Next: 20%
Magic:  10/11      EV: 10    Int:  9    God:    Okawaru [*.....]
Gold:   246        SH:  0    Dex:  9    Spells: 7/7 levels left

rFire   . . .        Y - +0 war axe (heavy)
rCold   . . .        c - +0 buckler
rNeg    + . .        h - +0 chain mail
rPois   inf          (no helmet)
rElec   +            (no cloak)
rCorr   .            f - +0 pair of gloves
SInv    .            (no boots)
Will    .....        i - amulet of reflection Stlth
                     (no ring)
HPRegen 0.28/turn    (no ring)
MPRegen 0.12/turn

%: reflection
@: confused, heroic
A: sickness immunity, AC +5, negative energy resistance 1, electricity
resistance, torment resistance 1, petrification resistance
a: Renounce Religion, Heroism


You were on level 6 of the Dungeon.
You worshipped Okawaru.
Okawaru was aware of your devotion.
You visited 1 branch of the dungeon, and saw 6 of its levels.

You collected 246 gold pieces.


Innate Abilities, Weirdness & Mutations

You are immune to sickness and miasma.
Your stone body is resilient. (AC +5)
You are immune to poison.
You resist negative energy. (rN+)
You are resistant to electric shocks. (rElec)
You are resistant to unholy torment.
You are immune to petrification.


   Skills:
 + Level 4.6(9.6) Fighting
 - Level 7.1(12.1) Axes
 - Level 3.2(8.2) Armour
 - Level 1.0(6.0) Dodging
 - Level 3.2(8.2) Shields
 - Level 4.2 Invocations


You had 7 spell levels left.
You didn't know any spells.
Your spell library was empty.

Inventory:

Hand Weapons
 k - a +0 whip
 Y - a +0 heavy war axe (weapon)
Missiles
 a - 5 boomerangs (quivered)
Armour
 c - a +0 buckler (worn)
 f - a +0 pair of gloves (worn)
 h - a +0 chain mail (worn)
Jewellery
 i - an amulet of reflection (around neck)
 n - a +5 ring of evasion
Wands
 e - a wand of digging (8)
Scrolls
 b - 2 scrolls of teleportation
 j - 2 scrolls of identify
Potions
 d - 2 potions of might
 g - a potion of haste
 l - a potion of magic
 m - a potion of attraction
 p - a potion of mutation {unknown}

Dungeon Overview and Level Annotations

Branches:
Dungeon (6/15)             Temple (0/1) D:4

Altars:
Kikubaaqudgha
Okawaru
Wu Jian

Shops:
D:5 *

Annotations:
D:6 8 runed translucent doors, qw's ghost, novice GrCA; qw's ghost, novice GrFi


Message History

You feel less confused. You block the orc wizard's attack.
You block the gnoll's attack. The gnoll hits you but does no damage.
4484 ||| INVOKING Heroism.
You gain the combat prowess of a mighty hero.
You block the gnoll's attack.
The orc wizard hits you but does no damage.
The gnoll hits you but does no damage.
You barely miss the orc wizard. You slash the gnoll!
You kill the gnoll!
Okawaru accepts your kill. The orc wizard misses you.
The gnoll hits you but does no damage.
You miss the orc wizard. You block the gnoll's attack.
The orc wizard hits you but does no damage.
You completely miss the orc wizard. You block the gnoll's attack.
The orc wizard points at you and mumbles some strange words.
You are confused.
The orc wizard barely misses you. The gnoll closely misses you.
The gnoll hits you from afar with a +0 halberd!
The orc wizard closely misses you. The gnoll barely misses you.
The orc wizard casts a spell at you.
You are more confused.
The gnoll hits you but does no damage.
The orc wizard mumbles some strange words.
The orc wizard flickers and vanishes!
Deactivating autopickup; reactivate with Ctrl-A.
The gnoll hits you but does no damage. Something hits you but does no damage.
Something hits you. Something freezes you. The gnoll closely misses you.
The gnoll barely misses you. Something hits you but does no damage.
The gnoll hits you but does no damage. Something hits you but does no damage.
The gnoll hits you from afar with a +0 halberd.
Something hits you. Something freezes you.
Something hits you but does no damage.
The gnoll hits you from afar with a +0 halberd.
The gnoll completely misses you. Something hits you but does no damage.
The gnoll hits you from afar with a +0 halberd.
You die...

.# .# .. ##.# ... #..#
.. .... ...# ... .##.
#g.######.... ....
#)........#.. .##.
##@#........# ##
#.){.......##.
.##.....$....... ###
.....#.)..)....# ....
......#......###.......
.............#.........
................<......
#........)).##...#.....
#.........#####..##....


You could see a gnoll.

Vanquished Creatures
  Edmund (D:6)
  A sky beast (D:6)
  A black bear (D:4)
  A gnoll sergeant (D:6)
  2 scorpions (D:5)
  A howler monkey (D:5)
  A jelly (D:6)
  2 hounds
  2 iguanas (D:4)
  6 orc wizards
  2 gnolls (D:6)
  5 adders
  A shadow imp (D:5)
  2 dart slugs
  16 orcs
  3 endoplasms
  5 giant cockroaches
  5 goblins
  11 hobgoblins
  3 jackals
  4 quokkas
  4 ball pythons
  6 bats
  2 frilled lizards
  4 kobolds
  6 rats
  3 rat zombies (D:6)
100 creatures vanquished.

Vanquished Creatures (others)
  An orc wizard (D:3)
1 creature vanquished.

Grand Total: 101 creatures vanquished

Notes
Turn   | Place    | Note
-------+----------+-------------------------------------------
     0 | D:1      | qw the Gargoyle Fighter began the quest for the Orb.
     0 | D:1      | Reached XP level 1. HP: 14/14 MP: 1/1
     0 | D:1      | 0 ||| qw: Version: 0.2-a-96-g8eb1148
     0 | D:1      | 0 ||| qw: Game counter: 27
     0 | D:1      | 0 ||| qw: Always use a shield: true
     0 | D:1      | 0 ||| qw: God list: Okawaru
     0 | D:1      | 0 ||| qw: Allow faded altars: false
     0 | D:1      | 0 ||| qw: Do Orc after D:15 true
     0 | D:1      | 0 ||| qw: Do second Lair branch before Depths: true
     0 | D:1      | 0 ||| qw: Lair rune preference: random
     0 | D:1      | 0 ||| qw: Plans: Normal, Zot:1-4, God:TSO, Crypt, Tomb,
                  | Pan, Slime:5, Hells, Abyss, Win
     0 | D:1      | 0 ||| PLANNING D:1-11
    11 | D:1      | 11 ||| Stepping ~*~*~tactically~*~*~ (stealth).
    28 | D:1      | Reached skill level 2 in Axes
   252 | D:1      | Reached XP level 2. HP: 19/19 MP: 2/2
   857 | D:1      | Reached skill level 3 in Axes
   952 | D:1      | 952 ||| DROPPING +0 club.
  1192 | D:1      | 1192 ||| UPGRADING to +0 pair of gloves.
  1197 | D:1      | 1197 ||| UPGRADING to +0 chain mail.
  1207 | D:1      | 1207 ||| DROPPING +0 scale mail.
  1208 | D:1      | 1208 ||| READING scroll labelled ZUDYETR TASE.
  1209 | D:1      | 1209 ||| READING scroll labelled QOR PUDINIW.
  1210 | D:1      | 1210 ||| READING scroll labelled OLEASEYSM.
  1278 | D:2      | Reached XP level 3. HP: 20/23 MP: 3/3
  1873 | D:2      | Reached XP level 4. HP: 28/28 MP: 4/4
  1981 | D:2      | 1981 ||| UPGRADING to amulet of reflection.
  1986 | D:2      | 1986 ||| READING scroll labelled MEDDEF JUB.
  2006 | D:2      | 2006 ||| READING scroll labelled REFFEI ULAEXA.
  2011 | D:2      | 2011 ||| READING 2 scrolls labelled VAETUO XYR DUVEN.
  2012 | D:2      | 2012 ||| DRINKING 2 fizzy dark potions.
  2013 | D:2      | 2013 ||| DROPPING scroll of immolation.
  2065 | D:3      | Found Nod Vudd's General Store.
  2129 | D:3      | Found an iron altar of Okawaru.
  2130 | D:3      | 2130 ||| PLANNING OKAWARU WORSHIP
  2136 | D:3      | Became a worshipper of Warmaster Okawaru
  2136 | D:3      | 2136 ||| PLANNING D:1-11
  2286 | D:3      | Reached skill level 4 in Axes
  2286 | D:3      | 2286 ||| DRINKING potion of curing.
  2286 | D:3      | 2286 ||| (to cure confusion)
  2379 | D:3      | Found an ornate altar of the Wu Jian Council.
  2380 | D:3      | 2380 ||| Stepping ~*~*~tactically~*~*~ (stealth).
  2388 | D:3      | Reached XP level 5. HP: 31/32 MP: 5/5
  2557 | D:3      | 2557 ||| Stepping ~*~*~tactically~*~*~ (stealth).
  2560 | D:3      | 2560 ||| Stepping ~*~*~tactically~*~*~ (stealth).
  2689 | D:3      | 2689 ||| READING scroll labelled BAPNU PARUI.
  2712 | D:4      | 2712 ||| Stepping ~*~*~tactically~*~*~ (stealth).
  2714 | D:4      | 2714 ||| Stepping ~*~*~tactically~*~*~ (hiding).
  2752 | D:4      | Found a staircase to the Ecumenical Temple.
  2770 | D:4      | Reached skill level 5 in Axes
  2858 | D:4      | 2858 ||| Stepping ~*~*~tactically~*~*~ (hiding).
  2863 | D:4      | Reached XP level 6. HP: 38/38 MP: 6/6
  3026 | D:4      | Noticed a black bear
  3033 | D:4      | Killed a black bear
  3033 | D:4      | Reached * piety under Okawaru
  3297 | D:4      | 3297 ||| READING scroll labelled NUXTUA PIOM.
  3298 | D:4      | 3298 ||| DRINKING 2 grey potions.
  3299 | D:4      | 3299 ||| DRINKING 2 fizzy silvery potions.
  3300 | D:4      | 3300 ||| READING 3 scrolls of identify.
  3300 | D:4      | 3300 ||| IDENTIFYING sapphire potion
  3301 | D:4      | 3301 ||| READING 2 scrolls of identify.
  3301 | D:4      | 3301 ||| IDENTIFYING amethyst potion
  3302 | D:4      | 3302 ||| DROPPING potion of flight.
  3303 | D:4      | 3303 ||| DROPPING potion of degeneration.
  3318 | D:5      | Entered Level 5 of the Dungeon
  3405 | D:5      | Reached skill level 6 in Axes
  3405 | D:5      | Reached skill level 1 in Invocations
  3405 | D:5      | Reached XP level 7. HP: 43/43 MP: 6/8
  3554 | D:5      | Found Robix's Retail Resort.
  3563 | D:5      | 3563 ||| SHOPLISTING ring of resist corrosion (260 gold,
                  | have 206).
  3750 | D:5      | Reached skill level 1 in Dodging
  3994 | D:5      | 3994 ||| DRINKING 2 silvery potions.
  3995 | D:5      | 3995 ||| READING 2 scrolls of identify.
  3995 | D:5      | 3995 ||| IDENTIFYING orange potion
  3996 | D:5      | 3996 ||| DROPPING potion of invisibility.
  4029 | D:6      | Found the +9 staff of Olgreb {rPois∞}
  4040 | D:6      | Noticed a redback
  4040 | D:6      | Noticed a redback
  4041 | D:6      | Found a runed translucent gate.
  4042 | D:6      | Noticed a redback
  4043 | D:6      | Found a runed translucent door.
  4048 | D:6      | Found a runed translucent gate.
  4057 | D:6      | Found a runed translucent gate.
  4059 | D:6      | Noticed a redback
  4066 | D:6      | Found a runed translucent door.
  4098 | D:6      | 4098 ||| Stepping ~*~*~tactically~*~*~ (stealth).
  4104 | D:6      | 4104 ||| Stepping ~*~*~tactically~*~*~ (stealth).
  4109 | D:6      | 4109 ||| Stepping ~*~*~tactically~*~*~ (stealth).
  4116 | D:6      | 4116 ||| Stepping ~*~*~tactically~*~*~ (hiding).
  4118 | D:6      | 4118 ||| Stepping ~*~*~tactically~*~*~ (hiding).
  4123 | D:6      | 4123 ||| DRINKING 2 potions of curing.
  4123 | D:6      | 4123 ||| (to cure confusion)
  4127 | D:6      | Reached skill level 3 in Invocations
  4154 | D:6      | 4154 ||| INVOKING Heroism.
  4185 | D:6      | Found a runed translucent gate.
  4185 | D:6      | Found a runed translucent gate.
  4186 | D:6      | Found a runed translucent gate.
  4189 | D:6      | Noticed qw's ghost (novice GrFi)
  4189 | D:6      | Noticed qw's ghost (novice GrCA)
  4224 | D:6      | Found an ancient bone altar of Kikubaaqudgha.
  4244 | D:6      | Noticed Edmund
  4245 | D:6      | 4245 ||| INVOKING Heroism.
  4255 | D:6      | 4255 ||| INVOKING Heroism.
  4257 | D:6      | Killed Edmund
  4420 | D:6      | Reached XP level 8. HP: 48/48 MP: 9/11
  4464 | D:6      | 4464 ||| INVOKING Heroism.
  4470 | D:6      | Reached skill level 7 in Axes
  4473 | D:6      | 4473 ||| DRINKING potion of curing.
  4473 | D:6      | 4473 ||| (to cure confusion)
  4484 | D:6      | 4484 ||| INVOKING Heroism.
  4488 | D:6      | HP: 11/48 [gnoll/+0 halberd[a gnoll sergeant] (8)]
  4495 | D:6      | HP: 8/48 [gnoll/+0 halberd[a gnoll sergeant] (3)]
  4496 | D:6      | HP: 2/48 [gnoll/+0 halberd[a gnoll sergeant] (3)]
  4498 | D:6      | Slain by a gnoll

Levels and vault maps discovered:
D:1:      minmay_arrival_three_doors, layout_basic
D:2:      layout_loops_ring, st_stairs_9, minmay_split_cup_small
D:3:      layout_loops_ring, mainiacjoe_overflow_alcove_2,
          mainiacjoe_overflow_catwalk, serial_shops, shop
D:4:      layout_rooms, temple_green, minmay_circle_x
D:5:      layout_basic, nicolae_alphabet_shops, dreamdust_princess_bridge
D:6:      layout_cave_pools, lemuel_zombie_altar_kikubaaqudgha,
          gammafunk_ghost_cemetery, small_statue_intersection,
          nrook_mini_vaults, minmay_guarded_unrand_staff_of_olgreb, uniq_edmund

Skill      XL: |  1  2  3  4  5  6  7  8 |
---------------+-------------------------+-----
Axes           | 2 3 4 5 6 7 |  7.1
Fighting       | 4 |  4.6
Invocations    | 1 4 |  4.2
Dodging        | 1 |  1.0
Armour         | |  3.2
Shields        | |  3.2

Action                     |  1- 3 |  4- 6 |  7- 9 || total
---------------------------+-------+-------+-------++-------
  Melee: War axe           |    93 |    92 |    57 ||   242
  Throw: Boomerang         |       |    29 |    28 ||    57
 Invoke: Heroism           |       |       |     5 ||     5
    Use: Scroll            |     3 |     7 |     1 ||    11
         Potion            |       |     4 |     3 ||     7
 Armour: Scale mail        |    17 |       |       ||    17
         Chain mail        |    33 |    71 |    58 ||   162
  Dodge: Dodged            |    42 |    29 |    30 ||   101
  Block: Buckler           |    21 |    57 |    35 ||   113
         Reflection        |       |     3 |     1 ||     4

Table legend:
 A = Non-vault XP
 B = Vault XP
 C = Vault XP percentage of total XP
 D = Non-vault monster count
 E = Vault monster count
 F = Vault count percentage of total count
                 A         B        C        D         E       F
            +---------+---------+-------+---------+---------+-------
      Total |    1193 |     244 |  17.0 |      85 |      16 |  15.8
            +---------+---------+-------+---------+---------+-------
        D:1 |      33 |       0 |   0.0 |      21 |       0 |   0.0
        D:2 |      26 |      25 |  49.0 |      10 |       6 |  37.5
        D:3 |      98 |       0 |   0.0 |      12 |       0 |   0.0
        D:4 |     266 |      47 |  15.0 |      17 |       6 |  26.1
        D:5 |     305 |       0 |   0.0 |       8 |       0 |   0.0
        D:6 |     465 |     172 |  27.0 |      17 |       4 |  19.0
            +---------+---------+-------+---------+---------+-------
